 Dungeon Crawl Stone Soup version 0.29-a0-993-g4a18f31a58 (webtiles) character file.

Game seed: 11540836427197087409

17870 quinnr the Stormcaller (level 12, -6/73 HPs)
             Began as a Tengu Air Elementalist on Aug 3, 2022.
             Was a Priest of Vehumet.
             Hit by a large rock thrown by a cyclops (34 damage)
             ... on level 12 of the Dungeon.
             The game lasted 00:46:48 (20611 turns).

quinnr the Stormcaller (Tengu Air Elementalist)    Turns: 20611, Time: 00:46:49

Health: -6/73      AC:  3    Str:  8    XL:     12   Next: 52%
Magic:  21/25      EV: 17    Int: 22    God:    Vehumet [***...]
Gold:   713        SH:  5    Dex: 14    Spells: 3/27 levels left

rFire   . . .      SeeInvis .   m - staff of air
rCold   . . .      Faith    .   G - +0 buckler
rNeg    . . .      Spirit   .   a - +0 robe
rPois   .          Reflect  .   F - +0 hat
rElec   +          Harm     .   t - +0 cloak
rCorr   .          Rampage  .   (no gloves)
Will    .....                   (boots unavailable)
Stlth   ++........              (no amulet)
HPRegen 0.22/turn               (no ring)
MPRegen 0.19/turn               (no ring)

@: flying quickly and evasively, quick
A: beak, talons 3, nimble flight
a: Renounce Religion


You were on level 12 of the Dungeon.
You worshipped Vehumet.
Vehumet was most pleased with you.
You visited 2 branches of the dungeon, and saw 13 of its levels.
You also visited: Sewer.

You collected 847 gold pieces.
You spent 134 gold pieces at shops.

Inventory:

Hand Weapons
 c - a +0 whip
 k - a +2 dagger of electrocution
Missiles
 n - 18 poisoned darts
 z - a throwing net
 A - 4 atropa-tipped darts
 D - 2 curare-tipped darts
Armour
 a - a +0 robe (worn)
 t - a +0 cloak (worn)
 F - a +0 hat (worn)
 G - a +0 buckler (worn)
Magical Staves
 m - a staff of air (weapon)
Wands
 x - a wand of iceblast (12)
 E - a wand of polymorph (14)
 H - a wand of paralysis (13)
 M - a wand of mindburst (25)
 N - a wand of flame (25)
 P - a wand of acid (9)
Scrolls
 g - 2 scrolls of immolation {unknown}
 l - a scroll of enchant armour {unknown}
 p - a scroll of brand weapon {unknown}
 q - a scroll of magic mapping
 s - 4 scrolls of fear {unknown}
 u - 2 scrolls of fog
 w - 3 scrolls of blinking {unknown}
 y - 3 scrolls of teleportation {unknown}
 C - 2 scrolls of enchant weapon {unknown}
 L - a scroll of vulnerability {unknown}
 O - a scroll of noise {unknown}
Potions
 b - 2 potions of magic
 d - 4 potions of attraction {unknown}
 e - 4 potions of brilliance {unknown}
 f - 3 potions of degeneration
 h - 2 potions of flight
 i - 2 potions of ambrosia
 j - 6 potions of heal wounds
 o - 2 potions of might
 r - 3 potions of curing
 v - a potion of mutation
 B - a potion of resistance
 I - a potion of haste
 J - a potion of invisibility
 K - 2 potions of cancellation


   Skills:
 - Level 8.0 Fighting
 - Level 6.1 Dodging
 - Level 2.0 Stealth
 - Level 4.0 Shields
 - Level 8.0 Spellcasting
 - Level 6.0 Conjurations
 - Level 5.0 Summonings
 - Level 4.0 Ice Magic
 + Level 16.4 Air Magic
 - Level 4.0 Poison Magic


You had 3 spell levels left.
You knew the following spells:

 Your Spells              Type           Power      Damage    Failure   Level
a - Shock                 Conj/Air       100%       1d9       1%          1
b - Mephitic Cloud        Conj/Pois/Air  64%        N/A       1%          3
c - Static Discharge      Conj/Air       72%        3-12/arc  1%          2
d - Airstrike             Air            44%        2d(7-23)  1%          4
e - Freezing Cloud        Conj/Ice/Air   32%        6-21      1%          5
f - Summon Lightning Spi  Summ/Air       71%        N/A       1%          4
g - Lightning Bolt        Conj/Air       36%        1d54      1%          5

Your spell library contained the following spells:

 Spells                   Type           Power      Damage    Failure   Level
 Conjure Flame            Conj/Fire      22%        6-21      2%          3
 Magic Dart               Conj           100%       1d8       1%          1
 Searing Ray              Conj           70%        2d7       1%          2
 Swiftness                Air            89%        N/A       1%          3
 Ignite Poison            Fire/Tmut/Pois 14%        N/A       4%          3
 Fulminant Prism          Conj/Hex       11%        3d9       7%          4
 Animate Dead             Necr           8%         N/A       67%         4
 Haunt                    Necr/Summ      9%         N/A       100%        7
 Infestation              Necr           4%         N/A       100%        8


Dungeon Overview and Level Annotations

Branches:
Dungeon (12/15)            Temple (1/1) D:6            Lair (0/5) D:9
    Orc (0/2) D:9           Sewer (visited)

Altars:
Ashenzari
Cheibriados
Dithmenos
Elyvilon
Fedhas
Gozag
Hepliaklqana
Kikubaaqudgha
Makhleb
Nemelex Xobeh
Okawaru
Qazlal
Ru
Sif Muna
Trog
Uskayaw
Vehumet
Wu Jian
Xom
Yredelemnul
Zin
The Shining One

Shops:
D:3 (!   D:4 *!?*:   D:5 !   D:9 *


Innate Abilities, Weirdness & Mutations

You have a beak for a mouth.
You have claws for feet.
Your magical nature lets you fly swiftly and evasively.


Message History

The purple ugly thing gurgles horribly!
You hear a shout!
Unknown command.
There is a stone staircase leading up here.
Casting: Shock (safe; 1% risk of failure)
Confirm with . or Enter, or press ? or * to list all spells.
You feel a surge of power!
An electric hum fills the air.
Found a potion of degeneration and 34 gold pieces.
Your lightning spire shoots out a bolt of lightning at the purple ugly thing!
The bolt of electricity hits the purple ugly thing!
The purple ugly thing bites you!!
Casting: Summon Lightning Spire (dangerous; 1% risk of failure)
Confirm with . or Enter, or press ? or * to list all spells.
Aiming: Mephitic Cloud (safe; 1% risk of failure)
Press: ? - help, Shift-Dir - straight line, f - purple ugly thing
Aim: a purple ugly thing (lightly wounded, ally target, chance to affect: 43%)
You feel a surge of power! That beam is likely to hit you.
Continue anyway?
Okay, then.
Your lightning spire shoots out a bolt of lightning at the purple ugly thing!
The bolt of electricity hits the purple ugly thing!
The purple ugly thing bites you!
Your lightning spire shoots out a bolt of lightning at the purple ugly thing!
The bolt of electricity hits the purple ugly thing!
The purple ugly thing bites you!
There is a stone staircase leading up, spattered with blood here.
The purple ugly thing attacks as you move away!
The purple ugly thing misses you.
Your lightning spire shoots out a bolt of lightning at the purple ugly thing!
The bolt of electricity hits the purple ugly thing!!
Casting: Mephitic Cloud (safe; 1% risk of failure)
Confirm with . or Enter, or press ? or * to list all spells.
Aiming: Mephitic Cloud (safe; 1% risk of failure)
Press: ? - help, Shift-Dir - straight line, p - purple ugly thing Out of range.
Okay, then.
Casting: Mephitic Cloud (safe; 1% risk of failure)
Confirm with . or Enter, or press ? or * to list all spells.
Okay, then.
The cyclops throws a large rock.
The large rock hits you!!
You die...

...##.....### #........
#..'.....'.#####........
###.....#....).........
#.....#######........
#.....# ##.#.####
##'#### #####.#..# #.###
.........# #...#
......#..# ###@#
.#...###.#
####.####.##.###..##
#...<.....#####....##
...#..)......# #.......
#...8u......# ##....##
###.........######...#
#.................##
#...C.....###.#####
###..###### #..##


You could see a purple ugly thing (distracted, ally target), a cyclops and a
friendly lightning spire (summoned).

Vanquished Creatures
  2 hydras
  2 two-headed ogres
  Lodul (D:12)
  A molten gargoyle (D:11)
  A troll (D:6)
  Prince Ribbit (D:6)
  2 slime creatures (D:12)
  A wyvern (D:7)
  A wraith (D:11)
  3 yaks (D:9)
  Menkaure (D:5)
  6 vampire mosquitoes
  Edmund (D:5)
  2 orc warriors
  3 sky beasts
  2 black bears (D:5)
  6 ogres (D:12)
  6 centaurs
  Blork the orc (D:5)
  A phantom (D:6)
  7 kobold brigands
  2 bullfrogs
  3 gnoll sergeants
  A necrophage (D:5)
  3 scorpions
  5 wights (D:7)
  3 killer bees (D:11)
  3 howler monkeys
  A quasit (D:7)
  A hound (D:7)
  A jelly (D:4)
  A gnoll bouda (D:6)
  5 orc priests
  Crazy Yiuf (D:3)
  Jessica (D:3)
  3 iguanas
  A hell rat (D:9)
  11 orc wizards
  14 gnolls
  14 adders
  A river rat (D:9)
  3 shadow imps (D:7)
  5 white imps
  5 ufetubi
  2 worms (Sewer)
  2 dart slugs
  38 orcs
  12 endoplasms
  6 giant cockroaches
  8 goblins
  3 hobgoblins
  2 jackals (D:4)
  12 quokkas
  17 ball pythons
  6 bats
  4 frilled lizards
  27 kobolds
  10 rats
288 creatures vanquished.

Vanquished Creatures (collateral kills)
  3 two-headed ogres
  3 death yaks (D:9)
  Urug (D:11)
  A cyclops (D:12)
  2 ugly things (D:11)
  2 trolls
  4 slime creatures (D:12)
  A vampire (D:9)
  4 yaks
  2 vampire mosquitoes
  An ogre (D:12)
  2 centaurs (D:11)
  A kobold brigand (D:9)
  A killer bee (D:11)
  2 howler monkeys (D:11)
  An orc wizard (D:9)
  6 orcs
  4 kobolds
  2 quokkas (D:9)
43 creatures vanquished.

Grand Total: 331 creatures vanquished

Notes
Turn   | Place    | Note
-------+----------+-------------------------------------------
     0 | D:1      | quinnr the Tengu Air Elementalist began the quest for the
                  | Orb.
     0 | D:1      | Reached XP level 1. HP: 10/10 MP: 4/4
     0 | D:1      | quinnr: !lg TeAE won -log
     0 | D:1      | beem: No games for TeAE (won).
     0 | D:1      | quinnr: !lg * TeAE won -log
     0 | D:1      | beem: 537. foxor, XL27 TeAE, T:76720:
                  | http://crawl.akrasiac.org/rawdata/foxor/morgue-foxor-202207
                  | 28-172726.txt
   391 | D:1      | Reached XP level 2. HP: 15/15 MP: 4/6
   557 | D:1      | Reached skill level 5 in Air Magic
   954 | D:1      | Reached XP level 3. HP: 19/19 MP: 3/7
  1588 | D:2      | Reached skill level 6 in Air Magic
  1892 | D:2      | Reached XP level 4. HP: 22/24 MP: 3/8
  2109 | D:2      | Found a faded altar of an unknown god.
  2414 | D:3      | Found a glowing drain.
  2708 | Sewer    | Entered a sewer
  2839 | Sewer    | Learned a level 3 spell: Mephitic Cloud
  2984 | Sewer    | Noticed a kobold brigand
  2992 | Sewer    | Killed a kobold brigand
  2993 | Sewer    | Reached skill level 7 in Air Magic
  2993 | Sewer    | Reached skill level 1 in Poison Magic
  2993 | Sewer    | Gained mutation: Your magical nature lets you fly swiftly
                  | and evasively. [Tengu growth]
  2993 | Sewer    | Reached XP level 5. HP: 28/28 MP: 0/9
  3146 | Sewer    | Noticed a kobold brigand
  3154 | Sewer    | Killed a kobold brigand
  3155 | Sewer    | Reached XP level 6. HP: 32/32 MP: 1/10
  3654 | Sewer    | Reached skill level 8 in Air Magic
  3952 | D:3      | Found Umorial's Distillery.
  3960 | D:3      | Bought a potion of curing for 33 gold pieces
  4100 | D:3      | You are sucked into a shaft and drop 2 floors!
  4100 | D:5      | Entered Level 5 of the Dungeon
  4145 | D:5      | Noticed a black bear
  4152 | D:5      | Noticed Blork the orc
  4171 | D:5      | Killed Blork the orc
  4172 | D:5      | Reached XP level 7. HP: 34/36 MP: 3/11
  4318 | D:5      | Reached skill level 9 in Air Magic
  4475 | D:4      | Found Nofal's Assorted Antiques.
  4571 | D:4      | Bought a scroll labelled QIHUPH UTOG for 26 gold pieces
  4571 | D:4      | Bought a sedimented orange potion for 23 gold pieces
  4805 | D:4      | Found Exoc's Distillery.
  4822 | D:3      | Learned a level 2 spell: Static Discharge
  4827 | D:3      | Learned a level 4 spell: Airstrike
  4930 | D:3      | Found a runed translucent door.
  4931 | D:3      | Noticed Crazy Yiuf
  5005 | D:3      | Found Gefaegal's Weapon Shop.
  5223 | D:3      | Noticed Jessica
  5231 | D:3      | Killed Jessica
  5435 | D:3      | Found a glowing golden altar of the Shining One.
  5683 | D:3      | Killed Crazy Yiuf
  5851 | D:4      | Found Baxyaf's Magic Scroll Shop.
  5863 | D:4      | Bought a scroll of fog for 52 gold pieces
  5884 | D:4      | Reached skill level 10 in Air Magic
  6562 | D:4      | Found Nogut's Book Shop.
  6668 | D:4      | Found Xibletzu's General Store.
  6988 | D:5      | Reached skill level 11 in Air Magic
  6988 | D:5      | Reached XP level 8. HP: 41/41 MP: 6/12
  7105 | D:5      | Noticed Edmund
  7807 | D:5      | Killed Edmund
  7955 | D:5      | Reached skill level 12 in Air Magic
  8339 | D:5      | Found Kemu Oqo's Distillery.
  9346 | D:6      | Noticed Menkaure
  9386 | D:5      | Learned a level 5 spell: Freezing Cloud
  9397 | D:5      | Killed Menkaure
  9494 | D:6      | Reached skill level 1 in Fighting
  9563 | D:6      | Reached skill level 1 in Ice Magic
  9563 | D:6      | Reached XP level 9. HP: 29/47 MP: 7/17
  9820 | D:6      | Noticed Prince Ribbit
  9835 | D:6      | Killed Prince Ribbit
  9836 | D:6      | Reached skill level 5 in Spellcasting
 10306 | D:6      | Found a staircase to the Ecumenical Temple.
 10316 | Temple   | Entered the Ecumenical Temple
 10389 | Temple   | quinnr: !whichgod TeAE
 10389 | Temple   | beem: 67 recent wins for TeAE: 35x Vehumet, 11x Ashenzari,
                  | 6x Gozag, 5x Sif Muna, 2x Ru, Zin, Cheibriados, Elyvilon,
                  | Hepliaklqana, Makhleb, Okawaru, Qazlal, Wu Jian
 10909 | D:7      | Noticed a troll
 11211 | D:6      | Killed a troll
 11474 | D:7      | Found a glowing silver altar of Zin.
 11476 | D:7      | Found a burning altar of Makhleb.
 11483 | D:7      | Found an ornate altar of the Wu Jian Council.
 11505 | D:7      | Found a stormy altar of Qazlal.
 11507 | D:7      | Found a blossoming altar of Fedhas.
 11512 | D:7      | Found a radiant altar of Vehumet.
 11555 | D:7      | Became a worshipper of Vehumet
 11885 | D:7      | Reached skill level 13 in Air Magic
 11941 | D:7      | Reached XP level 10. HP: 56/56 MP: 1/19
 12136 | D:7      | Reached skill level 5 in Dodging
 13310 | D:7      | Learned a level 4 spell: Summon Lightning Spire
 13659 | D:8      | Reached * piety under Vehumet
 13659 | D:8      | Offered knowledge of Freeze by Vehumet.
 13755 | D:8      | Reached skill level 1 in Shields
 14841 | D:9      | Found an iron altar of Okawaru.
 14855 | D:9      | Found a staircase to the Orcish Mines.
 14983 | D:9      | Noticed a death yak
 14988 | D:9      | Noticed a death yak
 14989 | D:9      | Killed a death yak
 14991 | D:9      | Noticed a death yak
 15173 | D:9      | Found a staircase to the Lair.
 15320 | D:9      | Reached skill level 5 in Summonings
 15736 | D:9      | Found a hide-covered altar of Uskayaw.
 15737 | D:9      | Found a sacrificial altar of Ru.
 16164 | D:9      | Killed a death yak
 16165 | D:9      | Reached XP level 11. HP: 61/61 MP: 6/22
 16177 | D:9      | Killed a death yak
 16325 | D:9      | Found Irhyvoow's Neck Hole.
 16408 | D:9      | Learned a level 5 spell: Lightning Bolt
 16434 | D:10     | Entered Level 10 of the Dungeon
 16620 | D:10     | Reached skill level 5 in Fighting
 16690 | D:10     | Noticed a two-headed ogre
 16710 | D:10     | Killed a two-headed ogre
 16853 | D:10     | Noticed a two-headed ogre
 16860 | D:10     | Killed a two-headed ogre
 17690 | D:10     | Reached ** piety under Vehumet
 17690 | D:10     | Offered knowledge of Poisonous Vapours by Vehumet.
 17884 | D:11     | Noticed a two-headed ogre
 17925 | D:11     | Killed a two-headed ogre
 18075 | D:11     | Noticed a two-headed ogre
 18082 | D:11     | Killed a two-headed ogre
 18083 | D:11     | Reached skill level 5 in Conjurations
 18100 | D:11     | Noticed a two-headed ogre
 18109 | D:11     | Killed a two-headed ogre
 18452 | D:11     | Noticed a red ugly thing
 18454 | D:11     | Noticed a cyan ugly thing
 18460 | D:11     | Killed a red ugly thing
 18464 | D:11     | Killed a red ugly thing
 18465 | D:11     | Reached skill level 14 in Air Magic
 18808 | D:11     | Noticed Urug
 18820 | D:11     | Killed Urug
 18952 | D:11     | Reached XP level 12. HP: 68/72 MP: 13/25
 19069 | D:11     | Noticed a four-headed hydra
 19073 | D:11     | Killed a four-headed hydra
 19252 | D:11     | Found a faded altar of an unknown god.
 19320 | D:11     | Found a hazy altar of Hepliaklqana.
 19422 | D:12     | Noticed Lodul
 19429 | D:12     | Offered knowledge of Conjure Flame by Vehumet.
 19435 | D:12     | Killed Lodul
 19436 | D:12     | Reached skill level 15 in Air Magic
 19587 | D:12     | Noticed an eight-headed hydra
 19596 | D:12     | Killed an eight-headed hydra
 19866 | D:12     | Reached skill level 16 in Air Magic
 20310 | D:12     | Reached *** piety under Vehumet
 20611 | D:12     | Hit by a large rock thrown by a cyclops

Illustrated notes

Levels and vault maps discovered:
D:1:      saegor_arrival_fortress, layout_basic, minivault_26, glass_columns_a
D:2:      layout_loops_cross, basic_ecumenical_altar
D:3:      layout_loops_corners, nicolae_tso_swordbearing_angel,
          portal_sewer_entry_f, serial_shops, shop, shop, uniq_jessica,
          uniq_crazy_yiuf_cottage
D:4:      layout_loops_ring, serial_shops, kennysheep_little_box,
          nicolae_diamond_shop, nicolae_shop_statue_plus,
          nicolae_shop_competitors_out_of_business, nicolae_lakefront_shop,
          corexii_hall_statues_i, amcnicky_mini_pool_small
D:5:      layout_cave_pods, serial_shops,
          nicolae_shop_temple_entry_statues_fountains, uniq_edmund,
          uniq_blork_the_orc
D:6:      layout_loops_ring, minmay_temple_entry_stoned_glass,
          minmay_door_square, uniq_menkaure, uniq_prince_ribbit1
D:7:      layout_basic, nicolae_overflow_hallway_of_the_gods, serial_demonic,
          serial_demonic_a, serial_demonic_d, serial_demonic_d, serial_demonic_a
D:8:      layout_loops_corners, ebering_dispersal_statue_hall
D:9:      layout_roguey, gammafunk_temple_overflow_pools,
          nicolae_overflow_hidden_temple, dpeg_lair_monsters, david_orc_2,
          hex_medium, minivault_19, nicolae_shop_sticking_my_neck_out
D:10:     layout_gridville, kennysheep_generic_room_10
D:11:     layout_irregular_city, beargit_hepliaklqana_dungeon_heroes, uniq_urug
D:12:     layout_roguey, nicolae_straight_to_the_point, uniq_lodul
Temple:   nicolae_temple_hex_pool

Skill      XL: |  1  2  3  4  5  6  7  8  9 10 11 12 |
---------------+-------------------------------------+-----
Air Magic      | 5 6 7 8 11 12 13 14 16 | 16.4
Conjurations   | 2 3 6 |  6.0
Poison Magic   | 1 2 3 4 |  4.0
Spellcasting   | 4 5 6 8 |  8.0
Fighting       | 1 3 4 7 8 |  8.0
Ice Magic      | 1 3 4 |  4.0
Dodging        | 4 6 |  6.1
Shields        | 4 |  4.0
Summonings     | 5 |  5.0
Stealth        | |  2.0

Action                   |  1- 3 |  4- 6 |  7- 9 | 10-12 || total
-------------------------+-------+-------+-------+-------++-------
Melee: Staff             |       |     3 |    13 |     4 ||    20
       Kick              |       |     1 |     4 |     3 ||     8
       Peck              |       |       |     1 |     2 ||     3
Throw: Dart              |       |     5 |     3 |       ||     8
 Cast: Shock             |    71 |    93 |   217 |   221 ||   602
       Mephitic Cloud    |       |     2 |    27 |    22 ||    51
       Airstrike         |       |       |    40 |    37 ||    77
       Static Discharge  |       |       |     5 |    15 ||    20
       Freezing Cloud    |       |       |     2 |    10 ||    12
       Summon Lightning  |       |       |       |    44 ||    44
       Lightning Bolt    |       |       |       |     1 ||     1
Evoke: Wand              |       |       |     1 |       ||     1
  Use: Scroll            |       |     3 |     3 |     6 ||    12
       Potion            |       |     1 |       |       ||     1
Armor: Robe              |     3 |     2 |    12 |     4 ||    21
       Skin              |       |     2 |       |       ||     2
Dodge: Dodged            |    20 |    12 |    58 |    48 ||   138
Block: Buckler           |       |       |       |    16 ||    16

Table legend: (Time is in decaauts)
 A = Elapsed time spent in this place.
 B = Non-inter-level travel time spent in this place.
 C = Inter-level travel time spent in this place.
 D = Time resting spent in this place.
 E = Time spent auto-exploring this place.
 F = Levels seen in this place.
 G = Mean time per level.
                   A        B        C        D        E       F      G
               +--------+--------+--------+--------+--------+-----+--------+
         Total |  19847 |  19271 |    576 |   3800 |  13026 |  14 | 1417.6 |
       Dungeon |  18630 |  18059 |    571 |   3635 |  12143 |  12 | 1552.5 |
        Temple |     87 |     83 |      4 |      0 |     71 |   1 |   87.0 |
         Sewer |   1130 |   1130 |      0 |    165 |    811 |   1 | 1130.0 |
               +--------+--------+--------+--------+--------+-----+--------+

Top non-repeatable levels by time:
     D:5: 2400 daAuts
     D:4: 2233 daAuts
     D:7: 1950 daAuts
     D:8: 1617 daAuts
     D:9: 1514 daAuts
     D:1: 1465 daAuts
    D:11: 1459 daAuts
     D:3: 1434 daAuts
     D:6: 1335 daAuts
    D:10: 1224 daAuts
   Sewer: 1130 daAuts
    D:12: 1054 daAuts
     D:2: 940 daAuts
  Temple: 87 daAuts
